 Dungeon Crawl Stone Soup version 0.31-a0-1082-g7d1fb776a8 (webtiles) character file.

Game seed: 7591230489382885843

12 Flugslaktarn the Changeling (level 2, 0/18 HPs)
             Began as an Octopode Shapeshifter on Nov 28, 2023.
             Slain by a hobgoblin (4 damage)
             ... on level 1 of the Dungeon.
             The game lasted 00:00:09 (121 turns).

Flugslaktarn the Changeling (Octopode Shapeshifter)  Turns: 121, Time: 00:00:11

Health: 0/18       AC:  1    Str: 13    XL:     2   Next: 33%
Magic:  2/2        EV: 13    Int: 12    God:
Gold:   0          SH:  0    Dex: 11    Spells: 1/1 levels left

rFire   . .          .
                       - Unarmed
rCold   . . .        (no shield)
rNeg    . . .        (helmet currently unavailable)
rPois   .            (no amulet)
rElec   .            (no ring)
rCorr   .            (no ring)
SInv    .            (no ring)
Will    .....        (no ring)
Stlth   ++           (no ring)
HPRegen 0.23/turn    (no ring)
MPRegen 0.08/turn    (no ring)
                     (no ring)

%: no passive effects
@: beast-form
A: beast (slay +2), almost no armour, amphibious, 8 rings, camouflage 1,
gelatinous body 1, (nimble swimmer 1), tentacles
a: Begin Untransformation


You were on level 1 of the Dungeon.
You were a hulking beast.
You visited 1 branch of the dungeon, and saw 1 of its levels.

Inventory:

Talismans
 b - a beast talisman
 c - a flux talisman
Potions
 a - a potion of lignification


   Skills:
 - Level 1.0 Fighting
 - Level 2.0 Dodging
 - Level 3.0 Unarmed Combat
 + Level 3.6 Shapeshifting


You had one spell level left.
You didn't know any spells.
Your spell library was empty.

Dungeon Overview and Level Annotations

Branches:
Dungeon (1/15)

Altars:

Shops:
D:1 :


Innate Abilities, Weirdness & Mutations

You are a hulking beast.
Your limbs bulge with bestial killing power. (Slay +2)
You cannot wear most types of armour.
You are amphibious.
You can wear up to eight rings at the same time.
Your skin changes colour to match your surroundings (Stealth+).
Your rubbery body absorbs attacks. (AC +1, EV +1)
((You are camouflaged when in or above water. (Stealth+)))
You have tentacles for arms and can constrict up to eight enemies at once.


Message History

A bat is nearby!
A bat is nearby!
No target in view!
No target in view!
No target in view!
No target in view!
No target in view!
You see here a rat corpse.
You see here a +2 vampiric dagger.
A bat is nearby!
The bat closely misses you. The bat hits you.
You barely miss the bat. Your grab misses the bat. The bat barely misses you.
A ball python and an endoplasm come into view.
The bat closely misses you. The bat hits you. The bat closely misses you.
The bat barely misses you.
There is an entrance to Nemefy's Book Boutique here.
The endoplasm quivers.
The bat hits you.
You barely miss the bat. Your grab misses the bat. The bat closely misses you.
There are monsters nearby!
A kobold comes into view. It is wielding a +0 dagger.
The bat closely misses you. The endoplasm hits you.
There are monsters nearby!
You tentacle-slap the endoplasm. You squeeze the endoplasm.
You kill the endoplasm!
The bat barely misses you.
You have reached level 2!
No target in view!
No target in view!
No target in view!
No target in view!
No target in view!
No target in view!
HP restored.
There is an entrance to Nemefy's Book Boutique here.
A kobold is nearby!
A kobold is nearby!
A kobold comes into view. It is wielding a +0 short sword.
Found a dented bone amulet and 8 gold pieces.
The helpless kobold fails to defend itself.
You tentacle-slap the kobold.
You kill the kobold!
You tentacle-slap the bat. You grab the bat. You squeeze the bat.
You kill the bat!
The ball python bites you. The ball python misses you.
The kobold shouts!
Things that are here:
a +0 dagger; 3 stones You tentacle-slap the ball python.
You kill the ball python!
An endoplasm comes into view. x2
The kobold misses you.
The endoplasm quivers.
You tentacle-slap the kobold. Your grab misses the kobold.
The kobold is severely wounded.
The kobold completely misses you.
You tentacle-slap the kobold.
You kill the kobold!
Found a spear.
Found an escape hatch in the floor.
A hobgoblin comes into view.
Found a book of Alchemy.
You completely miss the endoplasm.
The hobgoblin shouts!
The endoplasm misses you. The endoplasm closely misses you.
You tentacle-slap the endoplasm.
The endoplasm is lightly wounded.
The endoplasm freezes you.
You are frozen.
The endoplasm hits you.
You tentacle-slap the endoplasm.
The endoplasm is severely wounded.
The endoplasm freezes you.
You are frozen.
The endoplasm hits you.
You are too injured to fight recklessly!
You are too injured to fight recklessly!
You are too injured to fight recklessly!
You are too injured to fight recklessly!
You are too injured to fight recklessly!
There are monsters nearby!
You are too injured to fight recklessly!
You tentacle-slap the endoplasm.
You squeeze the endoplasm, but do no damage.
The endoplasm is almost dead.
The endoplasm hits you but does no damage.
The endoplasm hits you.
* * * LOW HITPOINT WARNING * * *
You completely miss the endoplasm. Your squeeze misses the endoplasm.
The endoplasm is severely wounded.
You barely miss the endoplasm.
The endoplasm is almost dead.
The endoplasm hits you.
* * * LOW HITPOINT WARNING * * *
The endoplasm closely misses you.
You bludgeon the endoplasm!
You kill the endoplasm!
The endoplasm misses you.
You barely miss the endoplasm. You squeeze the endoplasm.
You kill the endoplasm!
The hobgoblin hits you.
You die...

:..........#
...........#
...........#
..$......."#
...........##### ##
...............# #.
............##.## #####.
.)....gh.....#(.###.....
..........)#...†.)..####
....>.##†)####....##....
.....####.#.∩...).....#.
............#####...#.#
.......##.### #.†.##..
.###.# ...# #.#.# ##. #
#.... ###.#.# . ###..
#...#.#


You could see a hobgoblin.

Vanquished Creatures
  4 endoplasms (D:1)
  2 goblins (D:1)
  2 ball pythons (D:1)
  2 bats (D:1)
  2 kobolds (D:1)
  A rat (D:1)
13 creatures vanquished.

Notes
Turn   | Place    | Note
-------+----------+-------------------------------------------
     0 | D:1      | Flugslaktarn the Octopode Shapeshifter began the quest for
                  | the Orb.
     0 | D:1      | Reached XP level 1. HP: 13/13 MP: 1/1
    32 | D:1      | Found Nemefy's Book Boutique.
    80 | D:1      | Reached XP level 2. HP: 13/18 MP: 2/2
   121 | D:1      | Slain by a hobgoblin

Illustrated notes

Levels and vault maps discovered:
D:1:      dreamdust_arrival_beginning_and_end, layout_rooms, serial_shops, shop

Action                     || total
---------------------------++-------
  Melee: Unarmed           ||    26
         Tentacles         ||     6
         Constrict         ||     4
   Stab: Sleeping          ||     1
 Armour: Skin              ||    16
  Dodge: Dodged            ||    20

Table legend: (Time is in decaauts)
 A = Elapsed time spent in this place.
 B = Non-inter-level travel time spent in this place.
 C = Inter-level travel time spent in this place.
 D = Time resting spent in this place.
 E = Time spent auto-exploring this place.
 F = Levels seen in this place.
 G = Mean time per level.
                   A        B        C        D        E       F      G
               +--------+--------+--------+--------+--------+-----+--------+
         Total |    119 |    119 |      0 |      0 |     68 |   1 |  119.0 |
       Dungeon |    119 |    119 |      0 |      0 |     68 |   1 |  119.0 |
               +--------+--------+--------+--------+--------+-----+--------+

Top non-repeatable levels by time:
     D:1: 119 daAuts
